 Dungeon Crawl Stone Soup version 0.19.5 (webtiles) character file.

547 inmateoo the Chopper (level 7, -4/47 HPs)
             Began as a Halfling Wanderer on Mar 21, 2017.
             Slain by an ice beast (9 damage)
             ... on level 5 of the Dungeon.
             The game lasted 00:07:11 (4852 turns).

inmateoo the Chopper (Halfling Wanderer)            Turns: 4852, Time: 00:07:12

Health: -4/47      AC:  8    Str: 16    XL:     7   Next: 53%
Magic:  8/8        EV: 10    Int: 12    God:
Gold:   156        SH:  8    Dex: 13    Spells: 0 memorised, 6 levels left

rFire  . . .     SeeInvis .     i - +1 war axe
rCold  . . .     Gourm    .     b - +1 ring mail
rNeg   . . .     Faith    .     y - +0 shield
rPois  .         Spirit   .     (no helmet)
rElec  .         Reflect  .     (no cloak)
rCorr  .         Harm     .     w - +0 pair of gloves
MR     +....                    (no boots)
Stlth  +.........               (no amulet)
                                v - ring "Gosimo" {MR+ Str+2}
                                o - ring of flight

@: no status effects
A: mutation resistance 1
a: Evoke Flight


You were on level 5 of the Dungeon.
You were very hungry.

You visited 1 branch of the dungeon, and saw 5 of its levels.

You collected 156 gold pieces.

Inventory:

Hand Weapons
 i - a +1 war axe (weapon)
Armour
 b - a +1 ring mail (worn)
 w - a +0 pair of gloves (worn)
 y - a +0 shield (worn)
Jewellery
 o - a ring of flight (left hand)
 v - the ring "Gosimo" (right hand) {MR+ Str+2}
   (You found it on level 4 of the Dungeon)

   [ring of strength]

   It affects your strength (+2).
   It affects your resistance to hostile enchantments.
Wands
 a - a wand of confusion (11/48)
 f - a wand of paralysis (4/24)
 n - a wand of slowing (17/48)
Scrolls
 e - a scroll of enchant weapon
 h - 2 scrolls of amnesia
 l - 3 scrolls of teleportation
Potions
 j - 2 potions of agility
 k - 3 potions of curing {unknown}
 m - 2 potions of heal wounds
 p - a potion of brilliance {unknown}
 r - 2 potions of might
 u - a potion of ambrosia {unknown}
 x - a potion of cancellation
 z - 2 potions of magic {unknown}
 A - a potion of invisibility {unknown}
Books
 t - a book of Dreams

   Spells                             Type                      Level
   a - Ensorcelled Hibernation        Hexes/Ice                    2
   b - Silence                        Hexes/Air                    5
   c - Darkness                       Hexes                        6
   d - Shadow Creatures               Summoning                    6
Comestibles
 c - a beef jerky
 d - 3 bread rations
 g - 3 meat rations
 q - a slice of pizza
 s - 5 fruits


   Skills:
 + Level 3.8 Fighting
 * Level 5.5 Axes
 + Level 4.4 Armour
 - Level 1.1 Dodging
 + Level 0.9 Shields
 - Level 1.0 Unarmed Combat
 - Level 2.0 Evocations


You had 6 spell levels left.
You didn't know any spells.

Dungeon Overview and Level Annotations

Branches:
Dungeon (5/15)
 Temple: D:4-7

Altars:
Ashenzari
Hepliaklqana
Trog
Xom


Innate Abilities, Weirdness & Mutations

You are small and have problems with some larger weapons.
You are somewhat resistant to further mutation.


Message History

You slash the ice beast!
The ice beast is moderately wounded.
The ice beast closely misses you.
You slash the ice beast!
The ice beast is heavily wounded.
The ice beast hits you. The ice beast freezes you!
Your shield prevents you from hitting the ice beast.
The ice beast is heavily wounded.
The ice beast hits you but does no damage.
Your shield and ring mail prevent you from hitting the ice beast.
The ice beast is heavily wounded.
The ice beast hits you. The ice beast freezes you!
* * * LOW HITPOINT WARNING * * *
The ice beast barely misses you.
You closely miss the ice beast.
The ice beast is heavily wounded.
The ice beast hits you.
* * * LOW HITPOINT WARNING * * *
The ice beast freezes you!
You die...

#........<..#.........#.#
#...(.............#......
#..................#...#.
#>.........#####..........
############ ###.........
#....####.## #.#..####...
#........... #@.#.......
#.....Y.....$....
#................
#................
#................
#.%..............
#...........$..
#..........####


You could see an ice beast.

Vanquished Creatures
  2 ogres (D:4)
  A big kobold (D:5)
  A howler monkey (D:3)
  A hound (D:3)
  Jessica (D:3)
  An orc wizard (D:4)
  A worker ant (D:4)
  8 adders
  2 oozes (D:1)
  An adder skeleton (D:4)
  3 worms
  3 dart slugs
  6 orcs (D:4)
  2 ball pythons
  3 giant cockroaches (D:1)
  7 goblins
  5 hobgoblins
  3 jackals (D:2)
  19 kobolds
  7 bats
  4 frilled lizards
  A leopard gecko skeleton (D:4)
  4 rats
86 creatures vanquished.

Notes
Turn   | Place    | Note
-------+----------+-------------------------------------------
     0 | D:1      | inmateoo the Halfling Wanderer began the quest for the Orb.
     0 | D:1      | inmateoo set off with: a wand of confusion (15/48), a +0 ring mail, a +0 hand axe, a bread ration
     0 | D:1      | Reached XP level 1. HP: 14/14 MP: 2/2
   127 | D:1      | Reached XP level 2. HP: 16/19 MP: 3/3
   416 | D:1      | Reached XP level 3. HP: 24/24 MP: 4/4
   647 | D:1      | Reached skill level 3 in Axes
  1305 | D:2      | Reached XP level 4. HP: 26/30 MP: 5/5
  1649 | D:2      | Found a shimmering altar of Xom.
  2175 | D:2      | Found a bloodstained altar of Trog.
  2352 | D:3      | Reached XP level 5. HP: 3/35 MP: 6/6
  2577 | D:3      | Reached skill level 4 in Axes
  2784 | D:3      | Noticed Jessica
  2804 | D:3      | Killed Jessica
  2804 | D:3      | Reached XP level 6. HP: 34/41 MP: 7/7
  3256 | D:4      | Noticed an ogre
  3567 | D:4      | Found a shattered altar of Ashenzari.
  3693 | D:4      | Got a faintly glowing iron ring
  3694 | D:4      | Identified the ring "Gosimo" {MR+ Str+2} (You found it on level 4 of the Dungeon)
  3751 | D:4      | Got a brightly glowing leather armour
  3754 | D:4      | Noticed an ogre
  3791 | D:3      | Identified the cursed +1 leather armour "Qionweh" {Str+2 Dex+2 Slay-3} (You found it on level 4 of the Dungeon)
  3833 | D:4      | Killed an ogre
  4080 | D:4      | Found a hazy altar of Hepliaklqana.
  4150 | D:4      | Killed an ogre
  4150 | D:4      | Reached skill level 5 in Axes
  4150 | D:4      | Reached XP level 7. HP: 46/46 MP: 8/8
  4680 | D:5      | Entered Level 5 of the Dungeon
  4852 | D:5      | Slain by an ice beast

Skill      XL: |  1  2  3  4  5  6 |
---------------+-------------------+-----
Fighting       | 2 3 |  3.8
Axes           | 3 4 5 |  5.5
Armour         | 3 4 |  4.4
Dodging        | |  1.1
Shields        | |  0.9
Unarmed Combat | |  1.0
Evocations     | |  2.0

Action                   |  1- 3 |  4- 6 |  7- 9 || total
-------------------------+-------+-------+-------++-------
Melee: Hand axe          |   122 |   133 |       ||   255
       War axe           |       |    70 |    84 ||   154
       Punch             |       |     1 |       ||     1
Evoke: Wand              |       |    10 |       ||    10
  Use: Scroll            |     6 |     7 |       ||    13
 Stab: Paralysed         |       |     6 |       ||     6
       Confused          |       |     1 |       ||     1
  Eat: Chunk             |     1 |     7 |     1 ||     9
       Pizza             |       |     2 |       ||     2
Armor: Ring mail         |    48 |    86 |    44 ||   178
Dodge: Dodged            |    93 |   166 |    51 ||   310
Block: Shield            |       |       |    14 ||    14
